 Dungeon Crawl Stone Soup version 0.20-a0-984-ge8aa303 (webtiles) character file.

12899 Jarlath the Frost Mage (level 11, -9/54 HPs)
             Began as a Deep Elf Ice Elementalist on Apr 10, 2017.
             Was a Priest of Vehumet.
             Killed by nerve-wracking pain
             ... invoked by an orc priest
              (12 damage)
             ... on level 11 of the Dungeon.
             The game lasted 00:21:26 (20343 turns).

Jarlath the Frost Mage (Deep Elf Ice Elementalist) Turns: 20343, Time: 00:21:26

Health: -9/54      AC:  8    Str:  5    XL:     11   Next: 68%
Magic:  26/28      EV: 12    Int: 24    God:    Vehumet [***...]
Gold:   99         SH:  0    Dex: 15    Spells: 20/32 levels left

rFire    + + .     SeeInvis .   A - +5 trident (freeze)
rCold    + . .     Gourm    +   (no shield)
rNeg     . . .     Faith    .   y - +0 troll leather armour
rPois    .         Spirit   .   (helmet restricted)
rElec    +         Reflect  .   x - +1 cloak "Xadumif" {rC+ rCorr}
rCorr    +         Harm     .   f - +0 pair of gloves {archery}
MR       +....                  (no boots)
Stlth    +.........             n - amulet of the gourmand
Regen    0.6/turn               u - ring of protection from fire
MPRegen  0.3/turn               r - ring of flight

@: very slow
A: horns 1, fire resistance 1, electricity resistance
a: Renounce Religion, Evoke Flight


You were on level 11 of the Dungeon.
You worshipped Vehumet.
Vehumet was most pleased with you.
You were not hungry.

You visited 2 branches of the dungeon, and saw 12 of its levels.

You collected 580 gold pieces.
You spent 481 gold pieces at shops.

Inventory:

Hand Weapons
 A - a +5 trident of freezing (weapon)
Armour
 f - a +0 pair of gloves of archery (worn)
 x - the +1 cloak "Xadumif" (worn) {rC+ rCorr}
   (You found it on level 11 of the Dungeon)

   It protects you from cold.
   It protects you from acid and corrosion.
 y - a +0 troll leather armour (worn)
Jewellery
 n - an amulet of the gourmand (around neck)
 r - a ring of flight (right hand)
 u - a ring of protection from fire (left hand)
Wands
 a - a wand of paralysis (10/24)
 b - a wand of polymorph (4/24)
 j - a wand of disintegration (0/24)
 o - a wand of flame (17/48)
 w - a wand of iceblast (1/15)
Scrolls
 d - a scroll of torment {unknown}
 s - 6 scrolls of identify
 t - a scroll of magic mapping
Potions
 l - a potion of degeneration
 m - 2 potions of lignification
 z - a potion of flight
 B - a potion of haste
Books
 e - a book of Frost

   Spells                             Type                      Level
   a - Freeze                         Ice                          1
   b - Throw Frost                    Conjuration/Ice              2
   c - Ozocubu's Armour               Charms/Ice                   3
   d - Throw Icicle                   Conjuration/Ice              4
   e - Summon Ice Beast               Ice/Summoning                4
 v - a book of Air

   Spells                             Type                      Level
   a - Shock                          Conjuration/Air              1
   b - Swiftness                      Charms/Air                   2
   c - Static Discharge               Conjuration/Air              3
   d - Airstrike                      Air                          4
   e - Lightning Bolt                 Conjuration/Air              5
Comestibles
 c - 10 bread rations
 g - 2 meat rations
 i - 2 royal jellies
 q - 5 fruits


   Skills:
 - Level 4.0 Armour
 - Level 2.4 Dodging
 - Level 2.4 Stealth
 - Level 11.1 Spellcasting
 - Level 11.0 Conjurations
 - Level 6.0 Summonings
 + Level 12.6 Ice Magic


You had 20 spell levels left.
You knew the following spells:

 Your Spells              Type           Power        Failure   Level  Hunger
a - Freeze                Ice            ####         1%          1    None
b - Ozocubu's Armour      Chrm/Ice       #####...     1%          3    None
c - Throw Icicle          Conj/Ice       ######..     1%          4    None
d - Summon Ice Beast      Ice/Summ       ######..     1%          4    None


Dungeon Overview and Level Annotations

Branches:
Dungeon (11/15)            Temple (1/1) D:7            Lair (0/6) D:10
    Orc (0/2) D:10

Altars:
Ashenzari
Cheibriados
Dithmenos
Elyvilon
Fedhas
Gozag
Hepliaklqana
Kikubaaqudgha
Nemelex Xobeh
Okawaru
Qazlal
Ru
Sif Muna
Trog
Uskayaw
Vehumet
Wu Jian
Xom
Yredelemnul
Zin
The Shining One

Shops:
D:11 !

Annotations:
D:4 Amaryllis's ghost, novice MiGl


Innate Abilities, Weirdness & Mutations

You have a pair of small horns on your head.
Your flesh is heat resistant. (rF+)
You are resistant to electric shocks. (rElec)


Message History

The orc priest hits you but does no damage.
Casting: Freeze
Confirm with . or Enter, or press ? or * to list all spells.
Aiming: Freeze
Press: ? - help, Shift-Dir - straight line, f/p - orc priest
Aim: an orc priest, wielding a hand axe and wearing a scale mail (almost dead)
You freeze the orc priest.
You kill the orc priest!
Vehumet accepts your kill.
You feel your power returning.
You hear a splash. x3
The orc priest invokes the aid of Beogh against you.
Beogh smites you!
* * * LOW HITPOINT WARNING * * *
Okay, then.
Okay, then.
Magic courses through your body.
The orc priest mumbles some strange prayers to Beogh against you.
Pain shoots through your body!
You die...

...>......................#######
###.###########.#######.#..#
#.###########.##### #.#..######
#.............##≈≈###.#...##...
#..#########..#≈≈≈≈##.#.#.##...
#......)...#..≈≈≈≈≈≈#[#.#..#...
###..#######.#.≈≈≈)∩≈≈≈.#)##.#...
......[))....o≈≈≈)≈.≈≈≈))........
######.###.#.#.≈@≈o.≈≈≈[#.###...(
.........#...#..≈≈≈...).)........
######.#.#####..#≈≈≈≈#...........
#.#.#......##≈≈##.......#...
#.#.#.###.########.#.####.##
#.#.#...#.<. ..#.####..#
..#.###.##### ####........
######.# #.# #######.. #......#
#.# #........


You could see an orc priest and an orc.

Vanquished Creatures
  2 two-headed ogres
  A death yak (D:10)
  The ghost of Tumbleweave the Cleaver, a novice HOFi of Dithmenos (D:8)
  Pikel (D:7)
  3 trolls
  4 hippogriffs
  A meliai zombie (D:11)
  A spriggan (D:7)
  2 wyverns (D:11)
  4 yaks
  A soldier ant (D:11)
  4 wargs (D:10)
  A water moccasin (D:5)
  2 sky beasts
  2 porcupines (D:10)
  5 ice beasts
  8 orc warriors
  4 ogres
  A slave (D:8)
  A necrophage (D:9)
  2 phantoms (D:10)
  A crocodile (D:9)
  6 centaurs
  2 bullfrogs
  A wyvern skeleton (D:9)
  4 scorpions
  17 killer bees
  2 howler monkeys
  14 wights
  2 electric eels (D:11)
  3 crimson imps
  4 bullfrog zombies
  A jelly (D:11)
  A centaur zombie (D:11)
  6 hounds
  2 centaur skeletons
  6 orc priests
  13 orc wizards
  3 iguanas
  6 worker ants
  A hell rat (D:10)
  A hound zombie (D:8)
  A hound skeleton (D:9)
  A worker ant zombie (D:10)
  3 gnolls (D:8)
  A howler monkey skeleton (D:7)
  15 adders
  2 river rats (D:10)
  A shadow imp (D:5)
  3 adder skeletons
  2 worms (D:3)
  3 dart slugs
  5 leopard geckos
  38 orcs
  6 giant cockroaches
  8 goblins
  4 hobgoblins
  7 jackals
  13 kobolds
  8 quokkas
  A ball python (D:6)
  5 bats
  5 frilled lizards
  A leopard gecko skeleton (D:6)
  2 quokka skeletons (D:7)
  A quokka zombie (D:9)
  10 rats
293 creatures vanquished.

Vanquished Creatures (collateral kills)
  Joseph (D:7)
  Menkaure (D:7)
  A jelly (D:7)
  An adder zombie (D:7)
  2 orcs (D:9)
6 creatures vanquished.

Vanquished Creatures (others)
  Maurice (D:8)
  3 slaves (D:8)
  A sky beast (D:5)
5 creatures vanquished.

Grand Total: 304 creatures vanquished

Notes
Turn   | Place    | Note
-------+----------+-------------------------------------------
     0 | D:1      | Jarlath the Deep Elf Ice Elementalist began the quest for the Orb.
     0 | D:1      | Reached XP level 1. HP: 10/10 MP: 6/6
   272 | D:1      | Reached XP level 2. HP: 15/15 MP: 5/8
   668 | D:1      | Reached skill level 1 in Armour
  1237 | D:1      | Reached XP level 3. HP: 10/19 MP: 6/10
  1788 | D:1      | Learned a level 3 spell: Ozocubu's Armour
  2049 | D:2      | Reached XP level 4. HP: 24/24 MP: 9/12
  2277 | D:2      | Learned a level 4 spell: Throw Icicle
  2666 | D:3      | Reached skill level 4 in Ice Magic
  3301 | D:3      | Found a white marble altar of Elyvilon.
  3743 | D:3      | Reached XP level 5. HP: 28/28 MP: 10/13
  4054 | D:4      | Noticed Amaryllis's ghost (novice MiGl)
  4067 | D:5      | Entered Level 5 of the Dungeon
  4091 | D:5      | Reached XP level 6. HP: 32/32 MP: 8/14
  4175 | D:5      | Noticed a water moccasin
  4217 | D:5      | Killed a water moccasin
  4292 | D:5      | Noticed a sky beast
  4301 | D:5      | Killed a sky beast
  4309 | D:5      | Reached XP level 7. HP: 26/36 MP: 3/15
  4602 | D:5      | Found a glowing silver altar of Zin.
  4671 | D:5      | Reached skill level 5 in Conjurations
  5313 | D:6      | Learned a level 4 spell: Summon Ice Beast
  5732 | D:6      | Reached skill level 5 in Spellcasting
  6397 | D:7      | Noticed a hippogriff
  6400 | D:7      | Noticed a hippogriff
  6740 | D:7      | Noticed Joseph
  7413 | D:7      | Killed a hippogriff
  7413 | D:7      | Reached XP level 8. HP: 41/41 MP: 1/19
  7792 | D:6      | Reached skill level 1 in Summonings
  8478 | D:8      | Reached skill level 5 in Summonings
  8777 | D:8      | Noticed Maurice
  8881 | D:8      | Noticed Tumbleweave's ghost (novice HOFi)
  9127 | D:7      | Found a staircase to the Ecumenical Temple.
  9127 | D:7      | Noticed Menkaure
  9153 | D:7      | Killed Menkaure
  9153 | D:7      | Reached skill level 5 in Ice Magic
  9414 | D:7      | Killed Joseph
  9414 | D:7      | Reached skill level 6 in Ice Magic
  9414 | D:7      | Reached XP level 9. HP: 13/45 MP: 2/20
  9796 | Temple   | Entered the Ecumenical Temple
  9870 | Temple   | Became a worshipper of Vehumet
 10108 | D:8      | Noticed Pikel
 10161 | D:7      | Killed Pikel
 10161 | D:7      | Reached skill level 7 in Ice Magic
 10945 | D:8      | Killed Maurice
 11049 | D:8      | Killed Tumbleweave's ghost
 11049 | D:8      | Reached skill level 9 in Ice Magic
 11787 | D:8      | Reached XP level 10. HP: 18/50 MP: 0/21
 12166 | D:8      | Found a shadowy altar of Dithmenos.
 12418 | D:8      | Noticed a two-headed ogre
 12420 | D:8      | Killed a two-headed ogre
 12420 | D:8      | Reached skill level 10 in Ice Magic
 13734 | D:9      | Reached * piety under Vehumet
 13734 | D:9      | Offered knowledge of Magic Dart by Vehumet.
 13905 | D:8      | Reached skill level 11 in Ice Magic
 15817 | D:9      | Reached skill level 10 in Spellcasting
 16244 | D:9      | Reached ** piety under Vehumet
 16245 | D:9      | Offered knowledge of Sting by Vehumet.
 16595 | D:10     | Entered Level 10 of the Dungeon
 16691 | D:9      | Reached XP level 11. HP: 54/54 MP: 18/27
 17024 | D:9      | Identified a scroll of acquirement
 17038 | D:10     | Found a staircase to the Orcish Mines.
 17653 | D:10     | Noticed a death yak
 17669 | D:10     | Killed a death yak
 17669 | D:10     | Reached skill level 10 in Conjurations
 18042 | D:10     | Noticed a death yak
 18345 | D:10     | Offered knowledge of Stone Arrow by Vehumet.
 18541 | D:10     | Found a staircase to the Lair.
 18661 | D:10     | Noticed a death yak
 18729 | D:11     | Reached *** piety under Vehumet
 18878 | D:11     | Noticed a two-headed ogre
 18884 | D:11     | Killed a two-headed ogre
 18886 | D:11     | Got a steaming cloak
 18897 | D:11     | Identified the +1 cloak "Xadumif" {rC+ rCorr} (You found it on level 11 of the Dungeon)
 19081 | D:11     | Found Ucroeg's Distillery.
 19113 | D:11     | Bought 2 potions of mutation for 208 gold pieces
 19113 | D:11     | Bought a potion of heal wounds for 65 gold pieces
 19113 | D:11     | Bought a potion of magic for 104 gold pieces
 19113 | D:11     | Bought a potion of invisibility for 104 gold pieces
 19113 | D:11     | Gained mutation: You are weak. (Str -2) [potion of mutation]
 19113 | D:11     | Gained mutation: You are partially covered in icy blue scales. (AC +2) [potion of mutation]
 19114 | D:11     | Lost mutation: You are partially covered in icy blue scales. (AC +2) [potion of mutation]
 19114 | D:11     | Lost mutation: You are weak. (Str -2) [potion of mutation]
 19114 | D:11     | Gained mutation: Your flesh is heat resistant. (rF+) [potion of mutation]
 19114 | D:11     | Gained mutation: You are resistant to electric shocks. (rElec) [potion of mutation]
 19114 | D:11     | Gained mutation: You have a pair of small horns on your head. [potion of mutation]
 19257 | D:11     | Offered knowledge of Conjure Flame by Vehumet.
 19563 | D:11     | Reached skill level 12 in Ice Magic
 20342 | D:11     | HP: 2/54 [orc priest/divine providence (12)]
 20343 | D:11     | Killed from afar by an orc priest

Vault maps used:
D:1:      dpeg_arrival_erosion
D:2:      hex_medium
D:3:      first_bread, minmay_door_square, elyvilon_altar_4
D:4:      cheibriados_altar_1
D:5:      lemuel_coloured_pillars_altar
D:7:      temple_green, the_bakery, roderic_roman_lattice, due_unseen_surprise,
          uniq_menkaure, uniq_joseph
D:8:      nicolae_dithmenos_through_a_glass_darkly, uniq_maurice, uniq_pikel
D:10:     dpeg_lair_monsters, minmay_orc_entry_guard_dogs
D:11:     serial_shops, shop
Temple:   compressed_dpeg_triangle_lava_temple

Skill      XL: |  1  2  3  4  5  6  7  8  9 10 11 |
---------------+----------------------------------+-----
Armour         | 1 2 4 |  4.0
Spellcasting   | 4 6 10 11 | 11.1
Ice Magic      | 4 6 9 11 12 | 12.6
Conjurations   | 4 6 8 9 11 | 11.0
Summonings     | 6 |  6.0
Dodging        | |  2.4
Stealth        | |  2.4

Action                   |  1- 3 |  4- 6 |  7- 9 | 10-12 || total
-------------------------+-------+-------+-------+-------++-------
Melee: Short sword       |    22 |    74 |   101 |    33 ||   230
       Trident           |       |       |       |    94 ||    94
       Headbutt          |       |       |       |     3 ||     3
 Cast: Freeze            |    50 |    85 |    73 |    86 ||   294
       Ozocubu's Armour  |     1 |     2 |     2 |     1 ||     6
       Throw Icicle      |       |       |    74 |   213 ||   287
       Summon Ice Beast  |       |       |     6 |     1 ||     7
Evoke: Wand              |       |       |       |    12 ||    12
  Use: Potion            |     1 |     5 |     6 |     7 ||    19
       Scroll            |       |     6 |     4 |    11 ||    21
 Stab: Sleeping          |     2 |     1 |     1 |       ||     4
       Invisible         |       |       |       |     2 ||     2
  Eat: Chunk             |     1 |    11 |    26 |    31 ||    69
       Royal jelly       |     1 |       |       |       ||     1
       Bread ration      |       |       |     1 |     1 ||     2
Armor: Robe              |     2 |       |       |       ||     2
       Leather armour    |    19 |    47 |    74 |    14 ||   154
       Skin              |       |    22 |       |       ||    22
       Troll leather arm |       |       |       |    97 ||    97
Dodge: Dodged            |    42 |    93 |   144 |   174 ||   453
